AoeStats
← GenghisChron69

Team Islands

503482494Analyzed
4v4 RM · 1mo ago on Aug 31, 2026· 89m 54s· 8 players
Game mode
Random Map
Map size
242×242
Population
200
Speed
Normal
Resources
Standard
Victory
Conquest
Starting age
Dark Age
Ending age
Imperial Age
RankedLock teamsTeams togetherTeam positionsShared explorationLock speedFull tech treeHidden civsTurbo modeCheats
Victory
Defeat
🇫🇷 Poles · France
942
+13
🇫🇷 Byzantines · France
877
+16
🇺🇸 Dravidians · United States
811
+19
🇫🇷 Khmer · France
712
+45
🇺🇸 Koreans · United States
914
-20
🇺🇸 Japanese · United States
914
-20
🇦🇺 Byzantines · Australia
823
-15
🇺🇸 Romans · United States
818
-15
maxoog93
2:36 Loom
16:28 Feudal Age
17:01 Double-Bit Axe
18:48 Horse Collar
22:45 Castle Age
21:03 Forging
21:44 Scale Barding Armor
21:50 Gold Mining
24:22 Medium Warships
24:41 Bow Saw
26:28 Wheelbarrow
27:26 Padded Archer Armor
28:02 Iron Casting
29:40 Hand Cart
32:16 Caravan
32:39 Heavy Plow
35:28 Imperial Age
33:55 Greek Fire
34:19 Light Cavalry
35:01 Husbandry
36:31 Conscription
39:57 Pikeman
40:23 Gambesons
40:39 Squires
40:25 Arson
41:15 Scale Mail Armor
41:36 Chain Barding Armor
41:09 Fletching
40:48 Halberdier
45:20 Heavy Warships
45:13 Capped Ram
52:21 Gold Shaft Mining
51:37 Stone Mining
57:43 Logistica
59:08 Hussar
60:05 Elite Cataphract
73:29 Clinker Construction
74:50 Shipwright
74:52 Carvel Hull
75:34 Plate Barding Armor
75:15 Chain Mail Armor
74:55 Bodkin Arrow
75:16 Leather Archer Armor
75:38 Crop Rotation
75:51 Careening
75:23 Treadmill Crane
76:58 Murder Holes
79:44 Dry Dock
84:26 Spies/Treason
tonykillermother
1:53 Loom
15:27 Feudal Age
16:56 Wheelbarrow
16:19 Gold Mining
16:17 Horse Collar
16:28 Double-Bit Axe
22:07 Castle Age
27:00 Fishing Lines
29:04 Gillnets
29:33 Medium Warships
30:54 Hand Cart
30:50 Heavy Plow
34:12 Caravan
34:42 Coinage
34:47 Siphons
34:54 Clinker Construction
34:41 Murder Holes
35:15 Bow Saw
37:27 Gold Shaft Mining
40:46 Imperial Age
41:14 Arson
41:54 Town Watch
43:03 Man-at-Arms
50:28 Pikeman
55:52 Crossbowman
57:44 Ballistics
57:17 Heated Shot
57:39 Fortified Wall
57:59 Husbandry
58:10 Bloodlines
57:22 Light Cavalry
58:56 Scale Barding Armor
59:02 Forging
58:53 Scale Mail Armor
58:54 Padded Archer Armor
58:45 Fletching
59:11 Careening
59:23 Carvel Hull
59:11 Siege Engineers
60:53 Husbandry
61:25 Chain Barding Armor
61:41 Iron Casting
64:48 Conscription
64:29 Tusk Swords
64:01 Sappers
64:32 Double Crossbow
65:56 Chemistry
67:56 Guard Tower
68:17 Masonry
71:41 Dry Dock
73:58 Leather Archer Armor
73:53 Husbandry
77:46 Town Patrol
78:24 Architecture
78:30 Keep
78:15 Chain Mail Armor
84:37 Spies/Treason
85:55 Elite Skirmisher
Soldat_Ultime0
2:20 Loom
15:37 Feudal Age
17:19 Double-Bit Axe
17:19 Horse Collar
20:11 Town Watch
21:02 Wheelbarrow
22:41 Castle Age
20:27 Town Watch
21:18 Wheelbarrow
20:32 Town Watch
22:30 Scale Barding Armor
22:37 Forging
23:41 Bow Saw
27:57 Heavy Plow
28:06 Gold Mining
28:10 Stone Mining
28:30 Caravan
34:38 Imperial Age
33:46 Chain Barding Armor
34:02 Iron Casting
32:52 Pikeman
33:33 Squires
33:19 Arson
35:48 Lechitic Legacy
35:34 Szlachta Privileges
34:53 Elite Obuch
36:29 Crop Rotation
36:08 Light Cavalry
37:44 Winged Hussar
38:38 Bloodlines
38:28 Husbandry
39:33 Blast Furnace
39:03 Conscription
38:45 Murder Holes
38:31 Treadmill Crane
39:12 Ballistics
39:52 Chemistry
38:41 Cavalier
40:53 Scale Mail Armor
43:05 Town Patrol
43:21 Hand Cart
44:36 Hoardings
71:58 Spies/Treason
77:39 Man-at-Arms
80:57 Long Swordsman
81:54 Fortified Wall
81:52 Siege Engineers
81:58 Masonry
81:59 Careening
82:00 Clinker Construction
81:41 Guard Tower
81:36 Arrowslits
82:12 Bombard Tower
82:06 Two-Handed Swordsman
85:06 Capped Ram
85:09 Onager
85:25 Sappers
86:15 Siege Ram
oxrollin
0:50 Loom
13:17 Feudal Age
13:46 Fishing Lines
16:38 Double-Bit Axe
18:56 Castle Age
18:31 Wheelbarrow
20:33 Bow Saw
21:18 Gillnets
22:28 Horse Collar
24:49 Hand Cart
29:14 Medical Corps
30:13 Heavy Plow
34:11 Imperial Age
34:58 Clinker Construction
35:04 Careening
35:16 Shipwright
35:59 Chemistry
35:20 Ballistics
35:11 Siphons
35:44 Conscription
35:48 Wootz Steel
38:28 Two-Man Saw
43:08 Elite Elephant Archer
43:54 Thumb Ring
47:23 Fletching
47:34 Padded Archer Armor
47:42 Scale Barding Armor
49:30 Medium Warships
53:56 Bodkin Arrow
54:17 Leather Archer Armor
55:08 Caravan
55:54 Carvel Hull
55:49 Incendiaries
56:00 Incendiaries
56:12 Dry Dock
85:40 Heavy Warships
88:44 Spies/Treason
GenghisChron69
2:47 Loom
12:47 Feudal Age
13:14 Double-Bit Axe
16:04 Horse Collar
18:43 Fishing Lines
21:07 Wheelbarrow
23:13 Gold Mining
23:31 Stone Mining
27:22 Castle Age
27:58 Forging
27:40 Fletching
27:56 Scale Barding Armor
30:01 Gillnets
31:10 Hand Cart
31:56 Bow Saw
32:02 Heavy Plow
38:02 Imperial Age
37:38 Ballistics
43:33 Medium Warships
43:47 Clinker Construction
44:39 Chemistry
45:45 Conscription
45:49 Ballistas
47:02 Iron Casting
46:48 Chain Barding Armor
46:37 Husbandry
46:48 Bloodlines
46:08 Heavy Scorpion
47:07 Murder Holes
52:31 Blast Furnace
52:07 Plate Barding Armor
Da G Un1t
13:26 Feudal Age
14:36 Double-Bit Axe
14:37 Fishing Lines
20:44 Castle Age
19:42 Horse Collar
22:15 Medium Warships
23:59 Wheelbarrow
24:43 Bow Saw
24:47 Gillnets
33:18 Pikeman
34:04 Scale Mail Armor
34:14 Forging
37:25 Iron Casting
36:14 Crossbowman
37:34 Ballistics
37:27 Careening
37:20 Murder Holes
39:32 Thumb Ring
42:35 Imperial Age
41:38 Fletching
41:48 Padded Archer Armor
42:04 Chain Mail Armor
43:50 Siege Engineers
46:01 Conscription
45:11 Halberdier
48:25 Kataparuto
53:27 Bodkin Arrow
Blitz818
12:33 Feudal Age
13:25 Fishing Lines
19:18 Castle Age
17:13 Double-Bit Axe
17:21 Fletching
20:53 Medium Warships
20:52 Gillnets
21:33 Bodkin Arrow
22:24 Bow Saw
23:20 Wheelbarrow
25:09 Town Watch
28:51 Hand Cart
44:07 Imperial Age
47:58 Elite Turtle Ship
49:05 Heavy Warships
54:45 Chemistry
54:08 Ballistics
53:41 Heated Shot
54:01 Siege Engineers
54:31 Town Patrol
55:43 Elite Cannon Galleon
Cow
11:14 Feudal Age
11:44 Double-Bit Axe
14:29 Fishing Lines
21:08 Wheelbarrow
23:32 Horse Collar
24:04 Loom
26:55 Castle Age
24:51 Gold Mining
27:53 Bow Saw
28:20 Gillnets
28:50 Medium Warships
30:24 Clinker Construction
30:16 Fletching
31:07 Greek Fire
31:56 Gold Shaft Mining
32:20 Careening
35:02 Imperial Age
33:37 Forging
33:34 Scale Barding Armor
36:46 Conscription
37:07 Shipwright
37:11 Carvel Hull
38:47 Iron Casting
38:49 Heavy Warships
42:10 Bodkin Arrow
42:49 Hand Cart
43:16 Ballistics
47:14 Logistica
57:51 Chain Barding Armor
Connection lost

Rejoining the realm…

Still unreachable

The connection could not be restored.

Session expired

The server has moved on; the page needs a fresh start.